 Dungeon Crawl Stone Soup version 0.31-a0-202-g547052bce9 (webtiles) character file.

Game seed: 11269582307734105149

9 qw the Shooter (level 2, -1/16 HPs)
             Began as a Deep Elf Hunter on June 26, 2023.
             Succumbed to their own poison gas
             ... on level 1 of the Dungeon.
             The game lasted 00:00:05 (171 turns).

qw the Shooter (Deep Elf Hunter)                     Turns: 171, Time: 00:00:05

Health: -1/16      AC:  3    Str:  8    XL:     2   Next: 3%
Magic:  4/4        EV: 12    Int: 13    God:
Gold:   18         SH:  0    Dex: 18    Spells: 1/1 levels left

rFire   . . .        Y - +0 shortbow
rCold   . . .        (shield currently unavailable)
rNeg    . . .        c - +0 leather armour
rPois   .            (no helmet)
rElec   .            (no cloak)
rCorr   .            (no gloves)
SInv    .            (no boots)
Will    .....        (no amulet)
Stlth   ++           (no ring)
HPRegen 0.22/turn    (no ring)
MPRegen 0.09/turn

%: no passive effects
@: lethally poisoned (-1 -> -9)
A: no striking features
a: no special abilities


You were on level 1 of the Dungeon.
You visited 1 branch of the dungeon, and saw 1 of its levels.

You collected 18 gold pieces.


   Skills:
 - Level 1.5 Fighting
 + Level 6.0 Ranged Weapons
 - Level 2.4 Dodging
 - Level 1.2 Stealth


You had one spell level left.
You didn't know any spells.
Your spell library was empty.

Inventory:

Hand Weapons
 Y - a +0 shortbow (weapon)
Armour
 c - a +0 leather armour (worn)

Dungeon Overview and Level Annotations

Branches:
Dungeon (1/15)

Altars:


Message History

The bat barely misses you.
You shoot an arrow. The arrow closely misses the bat.
The bat hits you but does no damage. The bat closely misses you.
The bat hits you but does no damage.
You shoot an arrow. The arrow misses the bat.
The bat hits you but does no damage.
You shoot an arrow. The arrow hits the bat!
You kill the bat!
Your Ranged Weapons skill increases to level 6!
You now have 11 gold pieces.
Things that are here:
a +0 club; a kobold corpse You now have 18 gold pieces (gained 7).
d - 2 scrolls labelled YWADADOETENT A rat and a frilled lizard come into view.
The frilled lizard moves out of view.
A rat is nearby!
165 ||| READING 2 scrolls labelled YWADADOETENT.
The air fills with toxic fumes!
As you read the scroll labelled YWADADOETENT, it crumbles to dust.
It was a scroll of poison.
A rat is nearby!
166 ||| DROPPING scroll of poison.
You drop a scroll of poison.
A rat is nearby!
167 ||| DROPPING scroll of butterflies.
You drop a scroll of butterflies.
A rat is nearby!
A rat is nearby!
Really walk into that cloud of poison gas?
A rat comes into view.
You are engulfed in poison gas.
You are lethally poisoned!
You feel very sick.
169 ||| Stepping ~*~*~tactically~*~*~ (cloud).
You feel very sick.
Things that are here:
a scroll of butterflies; a scroll of poison
There is a lethal amount of poison in your body!
You feel sick.
There is a lethal amount of poison in your body!
You die...

######.###.####.#
#......# #.# #.#
#.###### #.####.#
#.##### #......#
#....¤# ########
#####0# #0# ###
#¤###
....l###@¤¤#
.0¤¤¤¤¤¤##.#
#¤0¤0¤#¤r#.#
##000###.# #
#¤¤0.r#... .¤¤..
.....
.¤.........# ....
.....##
#.....#...#


You could see a rat.

Vanquished Creatures
  A ball python (D:1)
  2 bats (D:1)
  2 hobgoblins (D:1)
  A quokka (D:1)
  A kobold (D:1)
  A rat (D:1)
8 creatures vanquished.

Notes
Turn   | Place    | Note
-------+----------+-------------------------------------------
     0 | D:1      | qw the Deep Elf Hunter began the quest for the Orb.
     0 | D:1      | Reached XP level 1. HP: 12/12 MP: 3/3
     0 | D:1      | 0 ||| qw: Version: 0.3-a-22-g0ed2b0b
     0 | D:1      | 0 ||| qw: Game counter: 6029
     0 | D:1      | 0 ||| qw: Melee chars always use a shield: true
     0 | D:1      | 0 ||| qw: God list: Okawaru
     0 | D:1      | 0 ||| qw: Allow faded altars: false
     0 | D:1      | 0 ||| qw: Do Orc after clearing Dungeon:15 true
     0 | D:1      | 0 ||| qw: Do second Lair branch before Depths: true
     0 | D:1      | 0 ||| qw: Lair rune preference: random
     0 | D:1      | 0 ||| qw: Goals: Normal
     0 | D:1      | 0 ||| PLANNING D:1-11
    83 | D:1      | Reached XP level 2. HP: 16/16 MP: 4/4
    91 | D:1      | Reached skill level 6 in Ranged Weapons
   165 | D:1      | 165 ||| READING 2 scrolls labelled YWADADOETENT.
   166 | D:1      | 166 ||| DROPPING scroll of poison.
   167 | D:1      | 167 ||| DROPPING scroll of butterflies.
   169 | D:1      | 169 ||| Stepping ~*~*~tactically~*~*~ (cloud).
   169 | D:1      | HP: 3/16 [poisoned by you (poison gas)]
   170 | D:1      | HP: 1/16 [poisoned by you (poison gas)]
   171 | D:1      | Succumbed to their own poison gas

Levels and vault maps discovered:
D:1:      onia_arrival_mini_maze, layout_basic,
          shapermc_ecumenical_altar_flowoftime, minmay_strange_pillars,
          minmay_misc_feat_rows, minmay_tiny_reverse_x

Skill      XL: |  1  2 |
---------------+-------+-----
Ranged Weapons | 6 |  6.0
Fighting       | |  1.5
Dodging        | |  2.4
Stealth        | |  1.2

Action                     || total
---------------------------++-------
   Fire: Shortbow          ||    21
    Use: Scroll            ||     1
 Armour: Leather armour    ||     5
  Dodge: Dodged            ||    10

Table legend:
 A = Non-vault XP
 B = Vault XP
 C = Vault XP percentage of total XP
 D = Non-vault monster count
 E = Vault monster count
 F = Vault count percentage of total count
                 A         B        C        D         E       F
            +---------+---------+-------+---------+---------+-------
      Total |       8 |       5 |  38.5 |       5 |       3 |  37.5
            +---------+---------+-------+---------+---------+-------
        D:1 |       8 |       5 |  38.5 |       5 |       3 |  37.5
            +---------+---------+-------+---------+---------+-------
